 Dungeon Crawl Stone Soup version 0.26-a0-660-gc07710193c (webtiles) character file.

Game seed: 11165380734396848509

2306 robertstho the Covered (level 9, -7/57 HPs)
             Began as a Gargoyle Fighter on Oct 6, 2020.
             Mangled by an orc warlord
             ... wielding a +0 broad axe
              (16 damage)
             ... in a bailey.
             The game lasted 00:10:44 (6534 turns).

robertstho the Covered (Gargoyle Fighter)           Turns: 6534, Time: 00:10:45

Health: -7/57      AC: 24    Str: 22    XL:     9   Next: 41%
Magic:  9/9        EV:  5    Int: 10    God:
Gold:   446        SH: 10    Dex:  9    Spells: 8/8 levels left

rFire    . . .     SeeInvis .   a - +0 war axe
rCold    . . .     Faith    .   c - +0 kite shield
rNeg     + . .     Spirit   .   d - +0 plate armour
rPois    ∞         Reflect  .   (no helmet)
rElec    +         Harm     .   b - +0 cloak
rCorr    .         Rampage  .   e - +0 pair of gloves
MR       .....                  D - +1 pair of boots
Stlth    ..........             (no amulet)
HPRegen  0.19/turn              (no ring)
MPRegen  0.11/turn              (no ring)

@: stab
A: negative energy resistance 1, electricity resistance, unbreathing,
petrification resistance, rot immunity, AC +6
a: no special abilities


You were in a bailey.
You visited 1 branch of the dungeon, and saw 7 of its levels.
You also visited: Bailey.

You collected 446 gold pieces.

Inventory:

Hand Weapons
 a - a +0 war axe (weapon)
Missiles
 v - 68 poisoned darts (quivered)
Armour
 b - a +0 cloak (worn)
 c - a +0 kite shield (worn)
 d - a +0 plate armour (worn)
 e - a +0 pair of gloves (worn)
 D - a +1 pair of boots (worn)
Wands
 t - a wand of iceblast (6)
Scrolls
 g - a scroll of identify
 k - a scroll of enchant armour
 n - 6 scrolls of teleportation
 p - 2 scrolls of remove curse
 u - 2 scrolls of magic mapping
 B - a scroll of immolation
 C - a scroll of holy word
Potions
 f - 5 potions of curing
 h - 3 potions of brilliance
 i - a potion of stabbing
 j - a potion of heal wounds
 A - a potion of mutation


   Skills:
 * Level 7.1 Fighting
 + Level 6.5 Axes
 * Level 7.3 Armour
 + Level 1.6 Dodging
 + Level 0.1 Stealth
 + Level 6.5 Shields
 + Level 0.7 Evocations


You had 8 spell levels left.
You didn't know any spells.
Your spell library contained the following spells:

 Spells                   Type           Power        Failure   Level
 Corona                   Hex            #......      100%        1
 Summon Small Mammal      Summ           #...         100%        1
 Call Imp                 Summ           #.......     100%        2
 Slow                     Hex            #.......     100%        2
 Call Canine Familiar     Summ           #.......     100%        3
 Inner Flame              Hex/Fire       #.......     100%        3
 Portal Projectile        Hex/Tloc       #.....       100%        3
 Summon Guardian Golem    Hex/Summ       #.......     100%        3
 Cause Fear               Hex            #.........   100%        4
 Leda's Liquefaction      Hex/Erth       #.........   100%        4
 Summon Ice Beast         Ice/Summ       #.......     100%        4
 Summon Lightning Spire   Summ/Air       #.......     100%        4


Dungeon Overview and Level Annotations

Branches:
Dungeon (7/15)             Bailey (1/1)
 Temple: D:4-7

Altars:
Makhleb
Okawaru
Qazlal
Trog
Uskayaw
Vehumet
Yredelemnul

Shops:
D:6 :


Innate Abilities, Weirdness & Mutations

You are resistant to torment.
Your stone body is resilient. (AC +6)
You are immune to poison.
You resist negative energy. (rN+)
You are resistant to electric shocks. (rElec)
You can survive without breathing.
You are immune to petrification.
You are immune to rotting.


Message History

Aiming: Disintegrate
Press: ? - help, Shift-Dir - straight line, f - orc warlord
Aim: an orc warlord, wielding a +0 broad axe and wearing a +0 scale mail (moderately wounded, chance to defeat MR: 33%)
The orc warlord easily resists.
The orc warlord hits you with a +0 broad axe.
* * * LOW HITPOINT WARNING * * *
Evoke which item? (* to show all) (? for menu, Esc to quit)
Aiming: Disintegrate
Press: ? - help, Shift-Dir - straight line, f/p - orc warlord
Aim: an orc warlord, wielding a +0 broad axe and wearing a +0 scale mail (lightly wounded, chance to defeat MR: 33%)
The orc warlord easily resists.
The orc warlord hits you with a +0 broad axe!
* * * LOW HITPOINT WARNING * * *
Evoke which item? (* to show all) (? for menu, Esc to quit)
Aiming: Disintegrate
Press: ? - help, Shift-Dir - straight line, f/p - orc warlord
Aim: an orc warlord, wielding a +0 broad axe and wearing a +0 scale mail (lightly wounded, chance to defeat MR: 33%)
The orc warlord is blasted!
The now-empty wand crumbles to dust.
The orc warlord hits you with a +0 broad axe!
You die...

...≈≈≈.##.........##.≈≈≈K..♣
K..≈≈≈.#≈....∩....≈#)≈≈≈...∩
...≈≈≈.#≈.........≈#.≈≈≈...♣
..K≈≈≈.#≈≈.8...8.≈≈#.≈≈≈KK.♣
###+###.......###(###..♣♣
##....#≈.8...8.≈#....##.♣
##.....#≈≈≈≈≈≈≈≈≈#.....##♣
##......####≈≈≈####......##
#...8......#'''#@.....8...#
#..............o).........#
#.........................#
##..8..8...........8..8..##
##.......#######.......##
##.....## ##.....## ##...##
##...## ##### #####


You could see an orc warlord.

Vanquished Creatures
  An orc knight (Bailey)
  3 orc warriors (Bailey)
  A phantom (D:5)
  4 ogres
  A centaur (D:7)
  A scorpion (D:7)
  3 centaur zombies
  A jelly (D:7)
  3 orc priests
  A quasit (D:5)
  Crazy Yiuf (D:2)
  3 hounds
  4 orc wizards
  Natasha (D:3)
  4 worker ants
  10 gnolls
  14 adders
  3 white imps
  2 oozes
  An ufetubus (D:5)
  2 adder skeletons (D:5)
  An adder zombie (D:6)
  5 worms
  A dart slug (D:2)
  3 leopard geckos
  28 orcs
  3 giant cockroaches (D:3)
  16 goblins
  6 hobgoblins
  13 jackals
  A quokka (D:6)
  4 bats
  A frilled lizard (D:1)
  A jackal skeleton (D:7)
  14 kobolds
  A leopard gecko skeleton (D:5)
  A leopard gecko zombie (D:5)
  A quokka zombie (D:5)
  14 rats
178 creatures vanquished.

Vanquished Creatures (others)
  8 plants (D:3)
8 creatures vanquished.

Grand Total: 186 creatures vanquished

Notes
Turn   | Place    | Note
-------+----------+-------------------------------------------
     0 | D:1      | robertstho the Gargoyle Fighter began the quest for the
                  | Orb.
     0 | D:1      | Reached XP level 1. HP: 14/14 MP: 1/1
   227 | D:1      | Reached XP level 2. HP: 17/19 MP: 2/2
   973 | D:2      | Reached XP level 3. HP: 21/23 MP: 3/3
  1027 | D:2      | Reached XP level 4. HP: 26/29 MP: 4/4
  1613 | D:2      | Found a runed translucent door.
  1614 | D:2      | Noticed Crazy Yiuf
  1622 | D:2      | Killed Crazy Yiuf
  1622 | D:2      | Reached XP level 5. HP: 31/33 MP: 5/5
  2017 | D:3      | Reached XP level 6. HP: 38/38 MP: 6/6
  2163 | D:3      | Found a burning altar of Makhleb.
  2163 | D:3      | Found a radiant altar of Vehumet.
  2164 | D:3      | Found a stormy altar of Qazlal.
  2183 | D:3      | Found a basalt altar of Yredelemnul.
  2359 | D:3      | Noticed a moth of wrath
  2362 | D:3      | Found a bloodstained altar of Trog.
  2655 | D:3      | Noticed Natasha
  2659 | D:3      | Killed Natasha
  3161 | D:4      | Reached skill level 5 in Armour
  3161 | D:4      | Reached XP level 7. HP: 15/44 MP: 7/7
  3452 | D:4      | Found a hide-covered altar of Uskayaw.
  3731 | D:5      | Entered Level 5 of the Dungeon
  3741 | D:5      | Reached skill level 5 in Fighting
  4102 | D:5      | Reached skill level 5 in Shields
  4317 | D:5      | Reached skill level 5 in Axes
  4317 | D:5      | Reached XP level 8. HP: 31/51 MP: 8/8
  4470 | D:5      | Found an iron altar of Okawaru.
  4653 | D:5      | Reached skill level 1 in Dodging
  5180 | D:6      | Found Goupnud's Book Boutique.
  6121 | D:7      | Found a flagged portal.
  6138 | Bailey   | Entered a bailey
  6152 | Bailey   | Noticed an orc warlord
  6196 | Bailey   | Noticed an orc knight
  6230 | Bailey   | Killed an orc knight
  6230 | Bailey   | Reached XP level 9. HP: 40/56 MP: 9/9
  6433 | Bailey   | Found a runed translucent gate.
  6433 | Bailey   | Found a runed translucent gate.
  6456 | Bailey   | Found a runed translucent gate.
  6534 | Bailey   | Mangled by an orc warlord

Illustrated notes

Levels and vault maps discovered:
D:1:      elethiomel_arrival_infinity_welcomes_careful_drivers, layout_basic,
          minmay_statues_item
D:2:      layout_rooms, uniq_crazy_yiuf_cottage
D:3:      layout_rooms, tgw_trog, nicolae_overflow_quartered_altars,
          serial_forest, infiniplex_forest_straight_2,
          infiniplex_forest_lined_2, infiniplex_forest_clump_diagonal,
          infiniplex_forest_lined_2, infiniplex_forest_lined_1,
          infiniplex_forest_pool, infiniplex_forest_clump_C, uniq_natasha
D:4:      layout_cave_pods, kennysheep_mini
D:5:      cheibrodos_barr_body, layout_layer_cave, okawaru_gym_becter
D:6:      layout_cave_pools, serial_shops,
          nicolae_shop_temple_entry_statues_fountains, minmay_misc_feat_alley
D:7:      layout_rooms, minmay_temple_entry_ruins, enter_bailey_7, uniq_duvessa
Bailey:   bailey_axe_bossmonster_kennysheep, bailey

Skill      XL: |  1  2  3  4  5  6  7  8  9 |
---------------+----------------------------+-----
Axes           | 2 3 4 5 6 |  6.5
Fighting       | 4 5 6 7 |  7.1
Shields        | 4 5 6 |  6.5
Armour         | 4 5 7 |  7.3
Dodging        | 1 |  1.6
Stealth        | |  0.1
Evocations     | |  0.7

Action                   |  1- 3 |  4- 6 |  7- 9 || total
-------------------------+-------+-------+-------++-------
Melee: War axe           |    73 |   242 |   335 ||   650
Evoke: Wand              |       |       |     8 ||     8
  Use: Potion            |       |     1 |     8 ||     9
       Scroll            |       |       |    14 ||    14
 Stab: Invisible         |       |       |     2 ||     2
Armor: Scale mail        |    35 |     2 |       ||    37
       Chain mail        |       |   210 |   249 ||   459
       Plate armour      |       |       |    26 ||    26
Dodge: Dodged            |    28 |    63 |   122 ||   213
Block: Kite shield       |    42 |   141 |   233 ||   416

Table legend: (Time is in decaauts)
 A = Elapsed time spent in this place.
 B = Non-inter-level travel time spent in this place.
 C = Inter-level travel time spent in this place.
 D = Time resting spent in this place.
 E = Time spent auto-exploring this place.
 F = Levels seen in this place.
 G = Mean time per level.
                   A        B        C        D        E       F      G
               +--------+--------+--------+--------+--------+-----+--------+
         Total |   6757 |   6590 |    167 |    504 |   4531 |   8 |  844.6 |
       Dungeon |   6359 |   6192 |    167 |    430 |   4488 |   7 |  908.4 |
        Bailey |    397 |    397 |      0 |     73 |     43 |   1 |  397.0 |
               +--------+--------+--------+--------+--------+-----+--------+

Top non-repeatable levels by time:
     D:5: 1506 daAuts
     D:3: 1176 daAuts
     D:1: 987 daAuts
     D:4: 955 daAuts
     D:6: 874 daAuts
     D:2: 755 daAuts
  Bailey: 397 daAuts
     D:7: 103 daAuts
